 Dungeon Crawl Stone Soup version 0.18-a0-822-gb52b7b4 (webtiles) character file.

35 tof the Chiller (level 3, -1/21 HPs)
             Began as an Octopode Ice Elementalist on Dec 16, 2015.
             Slain by a gnoll
             ... wielding a +0 spear
              (5 damage)
             ... on level 2 of the Dungeon.
             The game lasted 00:09:15 (1152 turns).

tof the Chiller (Octopode Ice Elementalist)         Turns: 1152, Time: 00:09:15

Health: -1/21      AC:  1    Str:  7    XL:     3   Next: 35%
Magic:  1/6        EV: 12    Int: 18    God:
Gold:   76         SH:  0    Dex: 12    Spells: 2 memorised, 3 levels left

rFire  x . .     SeeInvis .     (no weapon)
rCold  + . .     Gourm    .     (no shield)
rNeg   . . .     Faith    .     (helmet restricted)
rPois  .         Spirit   .     (no amulet)
rElec  .         Dismiss  .     d - ring of ice
rCorr  .         Reflect  .     (no ring)
SustAt .         Harm     .     (no ring)
MR     .....                    (no ring)
Stlth  +++.......               (no ring)
                                (no ring)
                                (no ring)
                                (no ring)

@: not resistant to hostile enchantments, fairly stealthy
A: almost no armour, amphibious, 8 rings, constrict 8, camouflage 1, gelatinous
body 1
a: no special abilities


You were on level 2 of the Dungeon.
You were not hungry.

You visited 1 branch of the dungeon, and saw 2 of its levels.

You collected 76 gold pieces.

Inventory:

Jewellery
 d - a ring of ice (left tentacle)
Scrolls
 f - a scroll of teleportation {unknown}
 i - a scroll of enchant armour {unknown}
Potions
 e - a potion of cancellation {unknown}
 g - a potion of brilliance {unknown}
 h - a potion of degeneration {unknown}
 j - a potion of heal wounds {unknown}
Books
 a - a book of Frost

   Spells                             Type                      Level
   a - Freeze                         Ice                          1
   b - Throw Frost                    Conjuration/Ice              2
   c - Ozocubu's Armour               Charms/Ice                   3
   d - Throw Icicle                   Conjuration/Ice              4
   e - Summon Ice Beast               Ice/Summoning                4
   f - Condensation Shield            Ice                          4
Comestibles
 b - 4 bread rations
 c - a beef jerky
 k - 7 chunks of flesh


   Skills:
 + Level 2.4 Dodging
 * Level 3.3 Stealth
 + Level 2.3 Spellcasting
 + Level 1.0 Conjurations
 + Level 3.5 Ice Magic


You had 3 spell levels left.
You knew the following spells:

 Your Spells              Type           Power        Failure   Level  Hunger
a - Freeze                Ice            ###.         4%          1    #......
b - Throw Frost           Conj/Ice       ###...       12%         2    ##.....


Dungeon Overview and Level Annotations

Branches:
Dungeon (2/15)

Altars:


Innate Abilities, Weirdness & Mutations

You cannot wear most types of armour.
You are amphibious.
You can wear up to eight rings at the same time.
You can use your tentacles to constrict eight enemies at once.
Your skin changes colour to match your surroundings (Stealth).
Your rubbery body absorbs attacks (AC +1).


Message History

You feel a surge of power!
You freeze the gnoll.
You kill the gnoll!
The gnoll closely misses you.
Casting: Freeze
Confirm with . or Enter, or press ? or * to list all spells.
Aiming: Throw Frost
Press: ? - help, Shift-Dir - straight line, f - gnoll
Aim: a gnoll, wielding a spear You feel a surge of power!
The puff of frost hits the gnoll.
The gnoll is lightly wounded.
The gnoll hits you but does no damage.
Drink which item? (? for menu, Esc to quit)
Okay, then.
Read which item? (? for menu, Esc to quit)
Okay, then.
A gnoll is nearby!
The gnoll hits you from afar with a spear!
* * * LOW HITPOINT WARNING * * *
The gnoll hits you with a spear.
You die...

###### #....#
#....#######
#..........#
##..........#
#...........#
#.....>g@...#
###...........#
###.............#
#......).[......#
#...##...).<....#
...# #........[.#
.. #..........#
###.#
##..########
....# ##..##


You could see a gnoll.

Vanquished Creatures
  A gnoll (D:2)
  A giant gecko (D:2)
  7 bats
  2 hobgoblins
  3 giant newts
  4 goblins
  5 kobolds
  2 rats (D:1)
25 creatures vanquished.

Notes
Turn   | Place    | Note
--------------------------------------------------------------
     0 | D:1      | tof the Octopode Ice Elementalist began the quest for the Orb.
     0 | D:1      | Reached XP level 1. HP: 11/11 MP: 3/3
     6 | D:1      | Noticed a black bear
     6 | D:1      | Noticed an eight-headed hydra
   235 | D:1      | Reached XP level 2. HP: 9/17 MP: 5/5
   398 | D:1      | Learned a level 2 spell: Throw Frost
  1107 | D:2      | Reached XP level 3. HP: 21/21 MP: 3/6
  1152 | D:2      | Slain by a gnoll

Vault maps used:
D:1:      onia_arrival_zoo_common, minmay_statues_item, serial_bayou_pond_c

Action                   || total
-------------------------++-------
Melee: Unarmed           ||    44
 Cast: Freeze            ||     8
       Throw Frost       ||     5
 Stab: Sleeping          ||     2
       Distracted        ||     1
  Eat: Chunk             ||     1
